 Dungeon Crawl Stone Soup version 0.22.1-6-g1668fe2c40 (webtiles) character file.

99 Ihlosi the Magician (level 5, 0/28 HPs)
             Began as a Kobold Fire Elementalist on Jan 21, 2019.
             Killed by nerve-wracking pain
             ... invoked by an orc priest
              (5 damage)
             ... on level 4 of the Dungeon.
             The game lasted 00:07:21 (2545 turns).

Ihlosi the Magician (Kobold Fire Elementalist)      Turns: 2545, Time: 00:07:21

Health: 0/28       AC:  4    Str:  5    XL:     5   Next: 2%
Magic:  8/10       EV: 21    Int: 17    God:
Gold:   137        SH:  0    Dex: 21    Spells: 5/10 levels left

rFire    . . .     SeeInvis .   a - +1 dagger (venom)
rCold    . . .     Gourm    .   (shield restricted)
rNeg     . . .     Faith    .   e - +0 robe
rPois    .         Spirit   .   j - +1 helmet
rElec    .         Reflect  .   (no cloak)
rCorr    .         Harm     .   (no gloves)
MR       .....                  (no boots)
Stlth    ++++......             (no amulet)
HPRegen  0.09/turn              (no ring)
MPRegen  0.12/turn              (no ring)

@: agile
A: small, carnivore
a: no special abilities


You were on level 4 of the Dungeon.
You were very full.

You visited 1 branch of the dungeon, and saw 4 of its levels.

You collected 137 gold pieces.

Inventory:

Hand Weapons
 a - a +1 dagger of venom (weapon)
Missiles
 h - 16 poisoned needles
 m - 40 arrows
Armour
 e - a +0 robe (worn)
 j - a +1 helmet (worn)
Scrolls
 b - 4 scrolls of identify
 l - a scroll of magic mapping
 n - a scroll of enchant armour
Potions
 d - a potion of flight
 i - a potion of agility
 k - a potion of cancellation
Comestibles
 c - 5 rations


   Skills:
 * Level 0.3 Fighting
 * Level 1.2 Short Blades
 * Level 3.1 Dodging
 - Level 3.0 Stealth
 + Level 3.4 Spellcasting
 * Level 2.5 Conjurations
 + Level 3.0 Fire Magic


You had 5 spell levels left.
You knew the following spells:

 Your Spells              Type           Power        Failure   Level  Hunger
a - Flame Tongue          Conj/Fire      ##...        5%          1    None
c - Sticky Flame          Conj/Fire      ##......     47%         4    ####...

Your spell library contained the following spells:

 Spells                   Type           Power        Failure   Level  Hunger
 Throw Flame              Conj/Fire      ##....       9%          2    ##.....
 Conjure Flame            Conj/Fire      ##......     16%         3    ###....
 Inner Flame              Hex/Fire       #.......     26%         3    ###....
 Fireball                 Conj/Fire      ##........   83%         5    ######.


Dungeon Overview and Level Annotations

Branches:
Dungeon (4/15)
 Temple: D:4-7

Altars:
Ashenzari
Qazlal

Annotations:
D:3 Purgy, Terence


Innate Abilities, Weirdness & Mutations

You are small and have problems with some larger weapons.
You are carnivorous and can eat meat at any time.


Message History

The orc completely misses you. The orc misses you.
The orc priest looks braver for a moment.
The orc throws a tomahawk.
The tomahawk misses you.
Casting: Flame Tongue (safe; 5% risk of failure)
Confirm with . or Enter, or press ? or * to list all spells.
Aiming: Flame Tongue (safe; 5% risk of failure)
Press: ? - help, Shift-Dir - straight line, f/p - orc priest
Aim: an orc priest, wielding a dagger and wearing a leather armour (heavily The flame tongue misses the orc priest.
The orc priest calls upon Beogh to heal the orc priest.
The orc priest is healed somewhat.
The orc priest completely misses you. The orc hits you with a falchion.
* * * LOW HITPOINT WARNING * * *
You hit the orc priest but do no damage.
The orc priest is poisoned.
The orc priest is lightly wounded.
The orc priest looks more healthy.
The orc completely misses you.
The orc priest calls down the wrath of Beogh upon you.
Pain shoots through your body!
You die...

####..###
........#
#......(#
#.......# .
##....(..### .##
##......[...#....
##.......(......##
#.......oo@.......
#........ooo......
#.................
#......<..........
#.................
##................
##..........#####
############


You could see 2 orc priests and 3 orcs.

Vanquished Creatures
  Robin (D:3)
  2 adders
  2 oozes
  A worm (D:2)
  2 dart slugs
  A leopard gecko (D:3)
  A ball python (D:2)
  2 giant cockroaches
  9 goblins
  8 hobgoblins
  4 jackals (D:3)
  10 bats
  2 frilled lizards
  2 kobolds
  5 rats
52 creatures vanquished.

Notes
Turn   | Place    | Note
-------+----------+-------------------------------------------
     0 | D:1      | Ihlosi the Kobold Fire Elementalist began the quest for the
                  | Orb.
     0 | D:1      | Reached XP level 1. HP: 10/10 MP: 3/3
   350 | D:1      | Reached XP level 2. HP: 15/15 MP: 3/5
   581 | D:1      | You fall through a shaft!
   720 | D:2      | Reached XP level 3. HP: 19/19 MP: 3/6
  1722 | D:3      | Reached XP level 4. HP: 24/24 MP: 3/8
  1728 | D:3      | Learned a level 4 spell: Sticky Flame
  2011 | D:3      | Reached skill level 1 in Short Blades
  2088 | D:3      | Noticed Robin
  2120 | D:3      | Killed Robin
  2127 | D:3      | Reached XP level 5. HP: 16/28 MP: 1/10
  2278 | D:3      | Noticed Terence
  2313 | D:3      | Found a shattered altar of Ashenzari.
  2315 | D:3      | Found a stormy altar of Qazlal.
  2445 | D:3      | Noticed Purgy
  2545 | D:4      | Killed from afar by an orc priest

Skill      XL: |  1  2  3  4 |
---------------+-------------+-----
Dodging        | 3 |  3.1
Stealth        | 3 |  3.0
Spellcasting   | 3 |  3.4
Conjurations   | 2 |  2.5
Short Blades   | 1 |  1.2
Fighting       | |  0.3
Fire Magic     | |  3.0

Action                   |  1- 3 |  4- 6 || total
-------------------------+-------+-------++-------
Melee: Unarmed           |    31 |       ||    31
       Dagger            |    15 |    47 ||    62
 Cast: Flame Tongue      |    45 |    25 ||    70
  Use: Scroll            |     4 |     5 ||     9
       Potion            |       |     3 ||     3
 Stab: Sleeping          |     2 |     1 ||     3
  Eat: Chunk             |     9 |     4 ||    13
Armor: Robe              |    21 |     6 ||    27
Dodge: Dodged            |    83 |    70 ||   153
